| TOP OF THE 1ST |
|
Spokane Indians batting - Pitching for Tri-City ValleyCats : RHP Tony Barrios
|
|
Pitching: RHP Tony Barrios
|
|
|
Batting: LHB Sumiki Okuhara
|
0-0: Ball 1-0: Ball 2-0: Ball 3-0: Called Strike 3-1: Base on Balls
|
|
Batting: RHB Bobby Melillo
|
0-0: Ball 1-0: Ball 2-0: Ball 3-0: Called Strike 3-1: Base on Balls Sumiki Okuhara to second
|
|
Batting: LHB Gabriel Graves
|
0-0: Ball 1-0: Ball 2-0: Called Strike 2-1: Called Strike 2-2: Foul Ball, location: 2F 2-2: Foul Ball, location: 2F 2-2: Ball 3-2: Foul Ball, location: 2F 3-2: Base on Balls Sumiki Okuhara to third Bobby Melillo to second
|
|
Batting: RHB Dale Aubrey
|
0-0: Foul Ball, location: 2F 0-1: Foul Ball, location: 2F 0-2: SINGLE (Line Drive, 8LS, EV 100.6 MPH) Sumiki Okuhara scores Bobby Melillo to third Gabriel Graves to second
|
|
Batting: LHB Lee Gerken
|
0-0: Ball 1-0: Foul Ball, location: 2F 1-1: Fly out, F9 (Flyball, 89XD, EV 85.0 MPH) Runner from 3rd tags up, SCORES, no throw by RF Gabriel Graves to third
|
|
Batting: RHB Tony Rivera
|
0-0: Ball 1-0: Foul Ball, location: 2F 1-1: Ball 2-1: Ball Wild Pitch! Gabriel Graves scores Dale Aubrey to second 3-1: Foul Ball, location: 2F 3-2: Foul Ball, location: 2F 3-2: Fly out, F9 (Flyball, 9, EV 91.9 MPH)
|
|
Batting: RHB Ron Corn
|
0-0: Foul Ball, location: 2F 0-1: Ball 1-1: Ball 2-1: Ball 3-1: Called Strike 3-2: SINGLE (Groundball, 34S, EV 74.4 MPH) (infield hit) Dale Aubrey to third
|
|
Batting: RHB Mike Strey
|
0-0: Called Strike 0-1: Called Strike 0-2: Ball 1-2: Strikes out swinging
|
| Top of the 1st over - 3 runs, 2 hits, 0 errors, 2 left on base; Spokane 3 - Tri-City 0 |
| BOTTOM OF THE 1ST |
|
Tri-City ValleyCats batting - Pitching for Spokane Indians : RHP Mario Vizcaya
|
|
Pitching: RHP Mario Vizcaya
|
|
|
Batting: RHB Patrick Pinault
|
0-0: Called Strike 0-1: Foul Ball, location: 2F 0-2: Foul Ball, location: 2F 0-2: Ball 1-2: Foul Ball, location: 2F 1-2: Strikes out looking
|
|
Batting: LHB Jackson Trottier
|
0-0: Called Strike 0-1: Ball 1-1: Fly out, F3 (Popup, 23F, EV 85.0 MPH)
|
|
Batting: RHB Andrew Pride
|
0-0: Called Strike 0-1: Ball 1-1: Foul Ball, location: 2F 1-2: Ball 2-2: Foul Ball, location: 2F 2-2: Strikes out swinging
|
| Bottom of the 1st over - 0 runs, 0 hits, 0 errors, 0 left on base; Spokane 3 - Tri-City 0 |
| TOP OF THE 2ND |
|
Spokane Indians batting - Pitching for Tri-City ValleyCats : RHP Tony Barrios
|
|
Batting: SHB Brace Harper
|
0-0: Ball 1-0: Foul Ball, location: 2F 1-1: Ball 2-1: Swinging Strike 2-2: Ball 3-2: Foul Ball, location: 2F 3-2: Foul Ball, location: 2F 3-2: Ground out U3 (Groundball, 34, EV 96.2 MPH)
|
|
Batting: LHB Sumiki Okuhara
|
0-0: SINGLE (Groundball, 56S, EV 68.8 MPH) (infield hit)
|
|
Batting: RHB Bobby Melillo
|
0-0: Swinging Strike 0-1: Foul Ball, location: 2F 0-2: Ball 1-2: Ball 2-2: Ball 3-2: Fielders Choice at 2nd, 1-6 (Groundball, 13, EV 70.0 MPH)
|
|
Batting: LHB Gabriel Graves
|
0-0: Ball Bobby Melillo steals 2nd base (no throw) 1-0: Ball 2-0: Ball 3-0: Base on Balls
|
|
Batting: RHB Dale Aubrey
|
0-0: Called Strike 0-1: Swinging Strike 0-2: Foul Ball, location: 2F 0-2: Strikes out swinging
|
| Top of the 2nd over - 0 runs, 1 hit, 0 errors, 2 left on base; Spokane 3 - Tri-City 0 |
| BOTTOM OF THE 2ND |
|
Tri-City ValleyCats batting - Pitching for Spokane Indians : RHP Mario Vizcaya
|
|
Batting: RHB Drew Coleman
|
0-0: Called Strike 0-1: Called Strike 0-2: Ball 1-2: Ball 2-2: Ball 3-2: Strikes out swinging
|
|
Batting: RHB Hugo Priego
|
0-0: Called Strike 0-1: Swinging Strike 0-2: Strikes out swinging
|
|
Batting: SHB Benoît Morin
|
0-0: Swinging Strike 0-1: Swinging Strike 0-2: Ball 1-2: Strikes out swinging
|
| Bottom of the 2nd over - 0 runs, 0 hits, 0 errors, 0 left on base; Spokane 3 - Tri-City 0 |
| TOP OF THE 3RD |
|
Spokane Indians batting - Pitching for Tri-City ValleyCats : RHP Tony Barrios
|
|
Batting: LHB Lee Gerken
|
0-0: SOLO HOME RUN (Flyball, 89XD, EV 105.0 MPH), Distance : 405 ft
|
|
Batting: RHB Tony Rivera
|
0-0: Ball 1-0: Foul Ball, location: 2F 1-1: Ball 2-1: Fly out, F9 (Flyball, 9LSF, EV 91.9 MPH)
|
|
Batting: RHB Ron Corn
|
0-0: Called Strike 0-1: Hit by Pitch
|
|
Batting: RHB Mike Strey
|
0-0: Grounds into double play, 6-4-3 (Groundball, 6D, EV 101.2 MPH)
|
| Top of the 3rd over - 1 run, 1 hit, 0 errors, 0 left on base; Spokane 4 - Tri-City 0 |
| BOTTOM OF THE 3RD |
|
Tri-City ValleyCats batting - Pitching for Spokane Indians : RHP Mario Vizcaya
|
|
Batting: RHB John Moore
|
0-0: Swinging Strike 0-1: Ball 1-1: SINGLE (Groundball, 34D, EV 101.2 MPH)
|
|
Batting: LHB Lu-po-teh Zhou
|
0-0: Called Strike 0-1: Swinging Strike 0-2: Ball 1-2: Strikes out swinging
|
|
Batting: RHB Kenny Beall
|
0-0: Called Strike 0-1: Swinging Strike 0-2: Grounds into double play, 6-4-3 (Groundball, 6, EV 79.4 MPH)
|
| Bottom of the 3rd over - 0 runs, 1 hit, 0 errors, 0 left on base; Spokane 4 - Tri-City 0 |
| TOP OF THE 4TH |
|
Spokane Indians batting - Pitching for Tri-City ValleyCats : RHP Tony Barrios
|
|
Batting: SHB Brace Harper
|
0-0: Ball 1-0: Ball 2-0: Called Strike 2-1: Ball 3-1: Fly out, F9 (Flyball, 89S, EV 83.8 MPH)
|
|
Batting: LHB Sumiki Okuhara
|
0-0: Ball 1-0: Called Strike 1-1: Ball 2-1: SINGLE (Groundball, 13S, EV 68.8 MPH) (infield hit)
|
|
Pinch Runner at 1st Nick Solberg:
|
|
|
Batting: RHB Bobby Melillo
|
0-0: Called Strike Nick Solberg is caught stealing 2nd base 2-4 0-1: Ball 1-1: Swinging Strike 1-2: Ball 2-2: Ball 3-2: Fly out, F6 (Popup, 6D, EV 53.8 MPH)
|
| Top of the 4th over - 0 runs, 1 hit, 0 errors, 0 left on base; Spokane 4 - Tri-City 0 |
| BOTTOM OF THE 4TH |
|
Tri-City ValleyCats batting - Pitching for Spokane Indians : RHP Mario Vizcaya
|
|
Now in LF: Nick Solberg
|
|
|
Batting: RHB Patrick Pinault
|
0-0: Ball 1-0: Ground out 2-3 (Groundball, 15S, EV 72.5 MPH)
|
|
Batting: LHB Jackson Trottier
|
0-0: Called Strike 0-1: Called Strike 0-2: Ball 1-2: Strikes out looking
|
|
Batting: RHB Andrew Pride
|
0-0: Called Strike 0-1: Ball 1-1: Ball 2-1: Foul Ball, location: 2F 2-2: Fly out, F9 (Flyball, 9, EV 85.0 MPH)
|
| Bottom of the 4th over - 0 runs, 0 hits, 0 errors, 0 left on base; Spokane 4 - Tri-City 0 |
| TOP OF THE 5TH |
|
Spokane Indians batting - Pitching for Tri-City ValleyCats : RHP Tony Barrios
|
|
Pitching: RHP Jeremy Mash
|
|
|
Batting: LHB Gabriel Graves
|
0-0: Ball 1-0: Ball 2-0: Ball 3-0: Called Strike 3-1: Base on Balls
|
|
Batting: RHB Dale Aubrey
|
Pickoff Throw to First - Out! 1-3 0-0: Ball 1-0: Called Strike 1-1: Ball 2-1: Ball 3-1: Base on Balls
|
|
Batting: LHB Lee Gerken
|
0-0: Ball Dale Aubrey steals 2nd, throwing error, E2 Dale Aubrey to third 1-0: Called Strike 1-1: Swinging Strike 1-2: Strikes out swinging
|
|
Batting: RHB Tony Rivera
|
0-0: Called Strike 0-1: Foul Ball, location: 2F 0-2: Ground out 4-3 (Groundball, 4, EV 90.6 MPH)
|
| Top of the 5th over - 0 runs, 0 hits, 1 error, 1 left on base; Spokane 4 - Tri-City 0 |
| BOTTOM OF THE 5TH |
|
Tri-City ValleyCats batting - Pitching for Spokane Indians : RHP Mario Vizcaya
|
|
Batting: RHB Drew Coleman
|
0-0: Ball 1-0: Ball 2-0: Ground out 6-3 (Groundball, 6, EV 86.2 MPH)
|
|
Batting: RHB Hugo Priego
|
0-0: Ball 1-0: Swinging Strike 1-1: Foul Ball, location: 2F 1-2: Strikes out swinging
|
|
Batting: SHB Benoît Morin
|
0-0: Ball 1-0: Ball 2-0: Ball 3-0: Called Strike 3-1: Ground out 4-3 (Groundball, 4, EV 100.0 MPH)
|
| Bottom of the 5th over - 0 runs, 0 hits, 0 errors, 0 left on base; Spokane 4 - Tri-City 0 |
| TOP OF THE 6TH |
|
Spokane Indians batting - Pitching for Tri-City ValleyCats : RHP Jeremy Mash
|
|
Batting: RHB Ron Corn
|
0-0: Ball 1-0: Ball 2-0: Called Strike 2-1: Foul Ball, location: 2F 2-2: Foul Ball, location: 2F 2-2: Ground out 5-3 (Groundball, 56, EV 83.8 MPH)
|
|
Batting: RHB Mike Strey
|
0-0: Foul Ball, location: 2F 0-1: Called Strike 0-2: Ball 1-2: Strikes out swinging
|
|
Pitching: RHP Kevin Zika
|
|
|
Batting: SHB Brace Harper
|
0-0: Ball 1-0: Called Strike 1-1: Swinging Strike 1-2: Ball 2-2: Ball 3-2: Strikes out looking
|
| Top of the 6th over - 0 runs, 0 hits, 0 errors, 0 left on base; Spokane 4 - Tri-City 0 |
| BOTTOM OF THE 6TH |
|
Tri-City ValleyCats batting - Pitching for Spokane Indians : RHP Mario Vizcaya
|
|
Batting: RHB John Moore
|
0-0: Fly out, F9 (Flyball, 9S, EV 81.2 MPH)
|
|
Batting: LHB Lu-po-teh Zhou
|
0-0: Called Strike 0-1: Ball 1-1: Called Strike 1-2: Ground out 6-3 (Groundball, 6S, EV 61.2 MPH)
|
|
Batting: RHB Kenny Beall
|
0-0: Called Strike 0-1: Ball 1-1: Called Strike 1-2: Foul Ball, location: 2F 1-2: Strikes out swinging
|
| Bottom of the 6th over - 0 runs, 0 hits, 0 errors, 0 left on base; Spokane 4 - Tri-City 0 |
| TOP OF THE 7TH |
|
Spokane Indians batting - Pitching for Tri-City ValleyCats : RHP Kevin Zika
|
|
Batting: RHB Nick Solberg
|
0-0: Swinging Strike 0-1: Foul Ball, location: 2F 0-2: Foul Ball, location: 2F 0-2: Foul Ball, location: 2F 0-2: SINGLE (Groundball, 4M, EV 80.0 MPH) (infield hit)
|
|
Batting: RHB Bobby Melillo
|
0-0: Bunted foul 0-1: Called Strike 0-2: Ball 1-2: Ball 2-2: Ball Nick Solberg is caught stealing 2nd base 2-4 3-2: Base on Balls
|
|
Batting: LHB Gabriel Graves
|
0-0: Ball 1-0: Foul Ball, location: 2F 1-1: Called Strike Bobby Melillo steals 2nd base 1-2: Ball 2-2: Ball 3-2: Strikes out swinging
|
|
Batting: RHB Dale Aubrey
|
0-0: Ground out 3-1 (Groundball, 34S, EV 74.4 MPH)
|
| Top of the 7th over - 0 runs, 1 hit, 0 errors, 1 left on base; Spokane 4 - Tri-City 0 |
| BOTTOM OF THE 7TH |
|
Tri-City ValleyCats batting - Pitching for Spokane Indians : RHP Mario Vizcaya
|
|
Batting: RHB Patrick Pinault
|
0-0: Ball 1-0: Ground out 6-3 (Groundball, 6, EV 83.1 MPH)
|
|
Batting: LHB Jackson Trottier
|
0-0: Fly out, F8 (Line Drive, 8LM, EV 92.5 MPH)
|
|
Batting: RHB Andrew Pride
|
0-0: Ball 1-0: Foul Ball, location: 2F 1-1: Foul Ball, location: 2F 1-2: Strikes out looking
|
| Bottom of the 7th over - 0 runs, 0 hits, 0 errors, 0 left on base; Spokane 4 - Tri-City 0 |
| TOP OF THE 8TH |
|
Spokane Indians batting - Pitching for Tri-City ValleyCats : RHP Kevin Zika
|
|
Batting: LHB Lee Gerken
|
0-0: Swinging Strike 0-1: Swinging Strike 0-2: Strikes out looking
|
|
Batting: RHB Tony Rivera
|
0-0: Called Strike 0-1: Ball 1-1: Called Strike 1-2: Ball 2-2: Strikes out looking
|
|
Batting: RHB Ron Corn
|
0-0: Ball 1-0: Foul Ball, location: 2F 1-1: Foul Ball, location: 2F 1-2: Ball 2-2: Strikes out looking
|
| Top of the 8th over - 0 runs, 0 hits, 0 errors, 0 left on base; Spokane 4 - Tri-City 0 |
| BOTTOM OF THE 8TH |
|
Tri-City ValleyCats batting - Pitching for Spokane Indians : RHP Mario Vizcaya
|
|
Batting: RHB Drew Coleman
|
0-0: Called Strike 0-1: Called Strike 0-2: Strikes out swinging
|
|
Batting: RHB Hugo Priego
|
0-0: Ground out U3 (Groundball, 13, EV 81.2 MPH)
|
|
Batting: SHB Benoît Morin
|
0-0: Ball 1-0: DOUBLE (Line Drive, 3D, EV 100.0 MPH)
|
|
Batting: RHB John Moore
|
0-0: Called Strike 0-1: Hit by Pitch
|
|
Batting: LHB Lu-po-teh Zhou
|
0-0: Called Strike 0-1: Ball 1-1: Ball 2-1: Ball 3-1: Called Strike 3-2: Foul Ball, location: 2F 3-2: Strikes out swinging
|
| Bottom of the 8th over - 0 runs, 1 hit, 0 errors, 2 left on base; Spokane 4 - Tri-City 0 |
| TOP OF THE 9TH |
|
Spokane Indians batting - Pitching for Tri-City ValleyCats : RHP Kevin Zika
|
|
Pinch Hitting: LHB Yasahiko Teshima
|
0-0: Ball 1-0: Foul Ball, location: 2F 1-1: Ball 2-1: Foul Ball, location: 2F 2-2: Foul Ball, location: 2F 2-2: Ball 3-2: Base on Balls
|
|
Batting: SHB Brace Harper
|
0-0: Called Strike 0-1: Ball 1-1: Ball Yasahiko Teshima steals 2nd base (no throw) 2-1: Ball 3-1: Foul Ball, location: 2F 3-2: Base on Balls
|
|
Pitching: LHP Kentaro Shimasaki
|
|
|
Batting: RHB Nick Solberg
|
0-0: Foul Ball, location: 2F 0-1: DOUBLE (Flyball, 8RXD, EV 94.4 MPH) Yasahiko Teshima scores Brace Harper to third Runner from 3rd tries for Home, SAFE, throw by CF to trailing runner, OUT at third! 8-3-5
|
|
Batting: RHB Bobby Melillo
|
0-0: Ball 1-0: Swinging Strike 1-1: Foul Ball, location: 2F 1-2: Ball 2-2: Ball 3-2: Base on Balls
|
|
Batting: LHB Gabriel Graves
|
0-0: Ball 1-0: Ball 2-0: Called Strike 2-1: Ball Bobby Melillo is caught stealing 2nd base 2-6 3-1: Base on Balls
|
|
Batting: RHB Dale Aubrey
|
0-0: Ball 1-0: Ball 2-0: Called Strike 2-1: Foul Ball, location: 2F 2-2: Ball 3-2: Strikes out looking
|
| Top of the 9th over - 2 runs, 1 hit, 0 errors, 1 left on base; Spokane 6 - Tri-City 0 |
| BOTTOM OF THE 9TH |
|
Tri-City ValleyCats batting - Pitching for Spokane Indians : RHP Mario Vizcaya
|
|
Now at C: Gavin Fimple
|
|
|
Batting: RHB Kenny Beall
|
0-0: Ball 1-0: Called Strike 1-1: SINGLE (Groundball, 6MD, EV 95.0 MPH)
|
|
Batting: RHB Patrick Pinault
|
0-0: Ball 1-0: Ball 2-0: Hit by Pitch Kenny Beall to second
|
|
Batting: LHB Jackson Trottier
|
0-0: Ball Wild Pitch! Kenny Beall to third Patrick Pinault to second 1-0: Called Strike 1-1: Ball 2-1: Foul Ball, location: 2F 2-2: Ground out 6-3 (Groundball, 6M, EV 83.8 MPH) Kenny Beall scores Patrick Pinault to third
|
|
Batting: RHB Andrew Pride
|
0-0: Ground out 6-3 (Groundball, 6, EV 84.4 MPH) Patrick Pinault scores
|
|
Batting: RHB Drew Coleman
|
0-0: Ball 1-0: SINGLE (Groundball, 56D, EV 101.2 MPH)
|
|
Batting: RHB Hugo Priego
|
0-0: Called Strike 0-1: Foul Ball, location: 2F 0-2: Strikes out swinging
|
| Bottom of the 9th over - 2 runs, 2 hits, 0 errors, 1 left on base; Spokane 6 - Tri-City 2 |
|